 Dungeon Crawl Stone Soup version 0.28.0 (webtiles) character file.

Game seed: 17510425626586879126

1 Ayyar the Covert (level 1, 0/23 HPs)
             Began as a Gnoll Delver on Mar 30, 2022.
             Slain by a bullfrog skeleton (2 damage)
             ... on level 5 of the Dungeon.
             The game lasted 00:00:33 (38 turns).

Ayyar the Covert (Gnoll Delver)                       Turns: 38, Time: 00:00:34

Health: 0/23       AC:  3    Str: 11    XL:     1   Next: 20%
Magic:  1/1        EV: 13    Int:  9    God:
Gold:   0          SH:  0    Dex: 13    Spells: 0/0 levels left

rFire   . . .      SeeInvis .   a - +0 falchion
rCold   . . .      Faith    .   (no shield)
rNeg    . . .      Spirit   .   b - +0 leather armour
rPois   .          Reflect  .   (no helmet)
rElec   .          Harm     .   (no cloak)
rCorr   .          Rampage  .   (no gloves)
Will    .....                   (no boots)
Stlth   ++++......              (no amulet)
HPRegen 0.07/turn               (no ring)
MPRegen 0.07/turn               (no ring)

@: no status effects
A: fangs 1, strong nose, distributed training
a: no special abilities


You were on level 5 of the Dungeon.
You visited 1 branch of the dungeon, and saw 1 of its levels.

Inventory:

Hand Weapons
 a - a +0 falchion (weapon)
Missiles
 i - 2 poisoned darts (quivered)
Armour
 b - a +0 leather armour (worn)
Wands
 g - a wand of digging (3)
Scrolls
 c - a scroll of fog
 d - a scroll of magic mapping
 e - a scroll of fear
 h - a scroll of vulnerability {unknown}
Potions
 f - a potion of haste


   Skills:
 + Level 6.4 Fighting
 + Level 0.0 Short Blades
 + Level 4.4 Long Blades
 + Level 0.0 Axes
 + Level 0.0 Maces & Flails
 + Level 0.0 Polearms
 + Level 0.0 Staves
 + Level 0.0 Slings
 + Level 0.0 Bows
 + Level 0.0 Crossbows
 + Level 0.0 Throwing
 + Level 0.0 Armour
 + Level 4.4 Dodging
 + Level 9.5 Stealth
 + Level 0.0 Shields
 + Level 0.0 Unarmed Combat
 + Level 0.0 Spellcasting
 + Level 0.0 Conjurations
 + Level 0.0 Hexes
 + Level 0.0 Summonings
 + Level 0.0 Necromancy
 + Level 0.0 Translocations
 + Level 0.0 Transmutations
 + Level 0.0 Fire Magic
 + Level 0.0 Ice Magic
 + Level 0.0 Air Magic
 + Level 0.0 Earth Magic
 + Level 0.0 Poison Magic
 + Level 0.0 Invocations
 + Level 0.0 Evocations


You couldn't memorise any spells.
You didn't know any spells.
Your spell library was empty.

Dungeon Overview and Level Annotations

Branches:
Dungeon (5/15)
 Temple: D:4-7

Altars:

Annotations:
D:5 Ijyb


Innate Abilities, Weirdness & Mutations

You have very sharp teeth.
Your uncanny sense of smell can sniff out nearby items.
Your experience applies equally to all skills.


Message History

Welcome, Ayyar the Gnoll Delver.
Are you destined to find the sublime Orb of Zot, or to die trying?
Press ? for a list of commands and other information.
Found a scroll labelled WATHAI GYUN.
Found a stone staircase leading down.
A quokka comes into view.
The quokka moves out of view.
You see here a scroll labelled WATHAI GYUN.
h - a scroll labelled WATHAI GYUN You hit the quokka.
The quokka is lightly wounded.
The quokka misses you. x2
You hit the quokka. You bite the quokka, but do no damage.
The quokka is moderately wounded.
The quokka barely misses you.
You slash the quokka!
You kill the quokka!
A hound comes into view.
You see here a quokka corpse.
Ijyb the Twisted Goblin comes into view.
She is wielding a +0 dagger and carrying a wand of iceblast (5).
An ogre comes into view. It is wielding a +0 giant spiked club.
Found 2 poisoned darts.
Ijyb shouts!
Found a stone staircase leading up.
You see here 2 poisoned darts.
i - 2 poisoned darts A bullfrog skeleton comes into view.
Ijyb zaps a wand.
The mass of ice explodes!
The iceblast engulfs you!!
Ouch! That really hurt!
* * * LOW HITPOINT WARNING * * *
You hear a shout!
The bullfrog skeleton closely misses you.
The bullfrog skeleton hits you.
* * * LOW HITPOINT WARNING * * *
There is a stone staircase leading up here.
The bullfrog skeleton hits you.
You die...

..# #.# ..# #O#
### ....## #.#
#........ #.#
#.##.#.#.# #.####
#......#.# #.#..+
##..#.....###.#go#
#@Z........##.#
##...#####.##.####
##..g...#........
##.......#.###..
#####.#.#.# #..
#+#.#...... ∆
..##.....
∆.....#### .......
#


You could see Ijyb and a bullfrog skeleton.

Vanquished Creatures
  A quokka (D:5)
1 creature vanquished.

Notes
Turn   | Place    | Note
-------+----------+-------------------------------------------
     0 | D:5      | Reached skill level 9 in Stealth
     0 | D:5      | Ayyar the Gnoll Delver began the quest for the Orb.
     0 | D:5      | Reached XP level 1. HP: 23/23 MP: 1/1
    11 | D:5      | Noticed a hound
    17 | D:5      | Noticed Ijyb
    22 | D:5      | Noticed an ogre
    38 | D:5      | Slain by a bullfrog skeleton

Illustrated notes

Levels and vault maps discovered:
D:5:      minmay_evil_eye, layout_basic, kennysheep_little_box,
          overflow_temple_1_default, corexii_checkpoint_a, uniq_pikel, uniq_ijyb

Skill      XL: | |
---------------+-+-----
Stealth        | |  9.5
Fighting       | |  6.4
Long Blades    | |  4.4
Dodging        | |  4.4

Action                   || total
-------------------------++-------
Melee: Falchion          ||     3
       Bite              ||     1
Dodge: Dodged            ||     4
